Map: Beckett Industries LE

Players

Valens - Winner!

  • Race: Terran Terran
  • League: Silver

LevyRat

  • Race: Protoss Protoss
  • League: Gold

VOD

Have the link to the VOD?

Description

Time

  • Played on: Aug. 22, 2021, 11:54 p.m.
  • Length: 12:46
Show
View Real Time Build Order
Export as new Build Order

Valens Terran - Winner!

Build Orders:  

Get SALT Encoding   

  12  0:00  SCV  
  13  0:13  SCV  
  14  0:18  Supply Depot  
  14  0:25  SCV  
  15  0:39  SCV  
  15  0:41  Barracks  
  16  0:52  SCV  
  17  1:04  SCV  
  18  1:16  SCV  
  19  1:20  Barracks  
  19  1:24  Barracks  
  19  1:33  Supply Depot  
  19  1:38  Refinery  
  19  1:43  Orbital Command, Refinery  
  19  1:48  Marine  
  20  2:11  Command Center  
  20  2:27  SCV  
  21  2:31  Barracks Tech Lab  
  21  2:36  Marine x2  
  23  2:51  SCV  
  23  2:54  Marine  
  23  2:55  Marine x2  
  27  3:04  SCV  
  28  3:16  SCV  
  28  3:17  Barracks Reactor  
  29  3:20  Barracks Reactor  
  29  3:27  Combat Shield  
  29  3:30  SCV  
  30  3:42  SCV  
  30  3:46  Marine  
  32  3:51  Orbital Command  
  32  3:54  SCV  
  33  4:01  Marine x4  
  37  4:03  Marine  
  37  4:06  SCV  
  39  4:10  Supply Depot  
  39  4:12  Engineering Bay  
  39  4:18  SCV  
  39  4:19  Marine x4  
  39  4:21  Factory, Marine  
  45  4:30  SCV  
  46  4:33  SCV  
  46  4:37  Marine x4  
  51  4:39  Marine, Refinery  
  51  4:42  SCV  
  51  4:45  SCV, Refinery  
  49  4:54  Marine x2  
  49  4:56  Missile Turret  
  46  5:03  Marine x2  
  44  5:15  SCV x2  
  42  5:23  Missile Turret  
  42  5:27  SCV x2  
  42  5:28  Marine x2  
  46  5:39  SCV x2  
  48  5:46  Starport  
  48  5:48  Factory Reactor  
  48  5:49  Marine x2  
  50  5:50  Marine  
  50  5:51  SCV x2  
  53  6:03  SCV  
  41  6:30  Marine x3  
  41  6:32  Marine x2  
  43  6:48  Marine x2  
  43  6:50  Marine x2  
  43  6:51  Marine  
  48  6:57  Hellion  
  48  6:58  Hellion  
  48  7:00  Starport Reactor  
  52  7:06  Marine x2  
  52  7:08  Marine x2  
  53  7:13  Marine  
  51  7:23  Marine x2  
  51  7:25  Marine  
  54  7:31  Supply Depot  
  54  7:34  Supply Depot  
  54  7:41  Marine  
  54  7:44  Command Center  
  54  7:53  Medivac x2, Marine x2, SCV x2  
  62  7:58  Marine x2  
  62  7:59  Marine  
  62  8:05  SCV x2  
  67  8:10  Armory  
  67  8:11  Marine  
  68  8:17  SCV x2  
  70  8:25  Command Center  
  70  8:37  Medivac x2, SCV x2  
  70  8:40  Supply Depot  
  76  8:49  SCV x2  
  76  8:53  Supply Depot  
  78  9:02  SCV x2  
  80  9:14  SCV x2  
  71  9:17  Stimpack  
  61  9:29  Orbital Command, Marine x5  
  66  9:36  Barracks x2  
  66  9:38  Terran Infantry Weapons Level 1  
  66  9:45  Fusion Core, SCV x2  
  68  9:55  Orbital Command  
  68  9:57  SCV x2  
  68  9:59  Refinery  
  70  10:03  Marine x5  
  70  10:04  Medivac x2  
  79  10:09  SCV x2  
  81  10:21  Marine x4, SCV x2  
  87  10:29  Barracks, Factory Tech Lab  
  87  10:33  SCV x2  
  87  10:34  Medivac, Marine x3  
  94  10:36  SCV  
  94  10:39  Marine x3  
  98  10:44  Missile Turret  
  98  10:45  SCV  
  98  10:46  Marine  
  98  10:48  SCV  
  101  10:51  Marine  
  101  10:52  Marine x2  
  104  10:57  Concussive Shells  
  104  10:59  Marine  
  104  11:00  Marine, SCV  
  107  11:05  Orbital Command  
  107  11:10  Marine x4  
  107  11:11  Marine  
  112  11:13  SCV  
  113  11:19  Marine x4  
  113  11:22  Medivac x2  
  121  11:28  Marine x3  
  121  11:30  Marine x2  
  126  11:37  Marine x4  
  130  11:52  Medivac  
  132  11:56  Medivac  
  105  12:19  Marine x5  
  105  12:20  Marine x4  
Show
View Real Time Build Order
Export as new Build Order

LevyRat Protoss 

Build Orders: Oracle Opening 

Get SALT Encoding   

  12  0:01  Probe (Chrono Boost)  
  13  0:11  Probe (Chrono Boost)  
  14  0:19  Pylon  
  14  0:22  Probe  
  15  0:37  Probe  
  15  0:39  Gateway  
  16  0:49  Probe  
  17  0:50  Assimilator  
  17  1:01  Probe  
  17  1:03  Assimilator  
  18  1:13  Probe (Chrono Boost)  
  19  1:23  Probe (Chrono Boost)  
  19  1:24  Pylon  
  20  1:31  Cybernetics Core  
  20  1:33  Zealot  
  20  1:37  Probe  
  23  1:45  Gateway  
  23  1:49  Probe  
  26  2:02  Probe  
  25  2:08  Stalker  
  25  2:14  Stargate  
  27  2:16  Probe  
  27  2:19  Warp Gate  
  28  2:43  Nexus  
  28  2:50  Pylon  
  28  2:58  Oracle (Chrono Boost)  
  31  3:07  Pylon  
  31  3:12  Stalker  
  33  3:32  Zealot  
  33  3:33  Oracle (Chrono Boost)  
  38  3:35  Probe  
  39  3:55  Probe (Chrono Boost)  
  40  3:56  Probe (Chrono Boost)  
  41  4:06  Probe (Chrono Boost)  
  41  4:07  Probe (Chrono Boost)  
  43  4:13  Void Ray  
  43  4:20  Assimilator  
  43  4:22  Assimilator, Zealot  
  49  4:24  Probe  
  49  4:25  Probe  
  49  4:26  Pylon  
  49  4:29  Sentry  
  47  5:25  Probe (Chrono Boost)  
  49  5:30  Void Ray  
  49  5:32  Probe (Chrono Boost)  
  49  5:34  Probe (Chrono Boost)  
  50  5:37  Stalker  
  50  5:39  Stalker, Probe (Chrono Boost)  
  59  5:44  Twilight Council  
  59  5:49  Robotics Facility  
  59  5:52  Gateway  
  59  5:54  Pylon  
  59  5:55  Pylon  
  59  5:57  Gateway  
  59  6:02  Gateway  
  59  6:04  Stalker x2  
  35  6:37  Zealot x2  
  30  6:48  Void Ray  
  30  6:50  Zealot  
  30  6:56  Immortal  
  30  6:57  Zealot  
  30  6:58  Zealot  
  30  6:59  Charge  
  42  7:19  Void Ray  
  42  7:30  Zealot x2  
  42  7:31  Zealot  
  42  7:34  Immortal (Chrono Boost)  
  42  7:35  Stalker  
  58  7:40  Probe  
  58  7:41  Probe  
  54  7:52  Probe  
  54  7:53  Probe  
  56  8:08  Templar Archives  
  56  8:11  Forge  
  56  8:14  Forge  
  56  8:19  Observer  
  57  8:28  Probe x2  
  59  8:43  Nexus  
  59  8:44  Probe  
  59  8:45  Probe  
  61  8:50  Void Ray  
  61  9:35  Void Ray  
  61  9:37  Probe x2  
  67  10:06  Immortal  
  67  10:09  Void Ray  
  71  10:15  Protoss Ground Armor Level 1, Protoss Ground Weapons Level 1, High Templar x3  
  71  10:16  High Templar x2  
  71  10:18  Psionic Storm  
  81  10:26  Pylon  
  81  10:27  Pylon  
  85  10:48  Probe x3 (Chrono Boost)  
  88  10:53  Pylon  
  88  10:55  Pylon  
  89  10:58  Probe (Chrono Boost)  
  89  10:59  Assimilator, Void Ray  
  89  11:01  Probe x2 (Chrono Boost)  
  91  11:04  Assimilator  
  95  11:20  Probe  
  95  11:21  Probe x2  
  98  11:37  Probe (Chrono Boost)  
  101  11:41  High Templar  
  101  11:42  High Templar x2  
  101  11:44  Probe x2 (Chrono Boost), High Templar  
  101  11:46  Probe (Chrono Boost)  
  110  11:47  Zealot  
  110  11:48  Archon  
  110  11:49  Archon  
  110  11:50  Probe (Chrono Boost)  
  110  11:51  Probe x2 (Chrono Boost)  
  97  12:02  Probe  
  97  12:03  Probe x2  
  80  12:14  Probe  
  80  12:15  Probe  
  65  12:21  Zealot x4  
  65  12:22  Zealot  
Tags
 
Add a new tag
Caveats
  • Supply blocks, unpowered buildings, or Contaminate may cause inaccurate times.
  • Supply counts are checked every 10 seconds.